 Dungeon Crawl Stone Soup version 0.29.0-13-gc9e81de378 (webtiles) character file.

Game seed: 17038607823127423217

178 sentinel the Digger (level 6, 0/45 HPs)
             Began as a Meteoran Earth Elementalist on Sept 9, 2022.
             Slain by a hobgoblin (1 damage)
             ... on level 4 of the Dungeon.
             The game lasted 00:01:07 (210 turns).

sentinel the Digger (Meteoran Earth Elementalist)    Turns: 210, Time: 00:01:07

Health: 0/45       AC:  2    Str: 11    XL:     6   Next: 13%
Magic:  2/11       EV: 12    Int: 18    God:
Gold:   0          SH:  0    Dex: 14    Spells: 4/10 levels left

rFire   . . .      SeeInvis .   (no weapon)
rCold   . . .      Faith    .   (no shield)
rNeg    . . .      Spirit   .   a - +0 robe
rPois   .          Reflect  .   (no helmet)
rElec   .          Harm     .   (no cloak)
rCorr   .          Rampage  .   (no gloves)
Will    .....                   (no boots)
Stlth   +.........              (no amulet)
HPRegen 0.15/turn               (no ring)
MPRegen 0.12/turn               (no ring)

@: glowing
A: sense surroundings 1, otherworldly, glowing, explore regen
a: no special abilities


You were on level 4 of the Dungeon.
You visited 1 branch of the dungeon, and saw 4 of its levels.

Inventory:

Missiles
 d - 6 datura-tipped darts
Armour
 a - a +0 robe (worn)
Scrolls
 c - a scroll of summoning {unknown}
 e - a scroll of immolation {unknown}
 f - a scroll of teleportation {unknown}
Potions
 b - a potion of magic
 g - a potion of curing {unknown}


   Skills:
 - Level 2.4 Dodging
 - Level 1.4 Stealth
 - Level 2.6 Spellcasting
 - Level 1.2 Transmutations
 + Level 7.3 Earth Magic


You had 4 spell levels left.
You knew the following spells:

 Your Spells              Type           Power      Damage    Failure   Level
a - Sandblast             Erth           56%        2d13      1%          1
b - Stone Arrow           Conj/Erth      30%        3d8       11%         3
c - Passwall              Tmut/Erth      14%        N/A       4%          2

Your spell library contained the following spells:

 Spells                   Type           Power      Damage    Failure   Level
 Petrify                  Tmut/Erth      17%        N/A       28%         4


Dungeon Overview and Level Annotations

Branches:
Dungeon (4/15) Zot: 2164   Temple (0/1) D:4

Altars:
Ru


Innate Abilities, Weirdness & Mutations

You passively map a small area around you.
You are easily found by Zot.
You glow in the dark.
You regain HP and MP as you explore.


Message History

Memorise Stone Arrow, consuming 3 spell levels and leaving 1?
You start memorising the spell.
You continue memorising. x3
You finish memorising.
Spell assigned to 'b'.
Found a scroll labelled NITUOGI YNKUAFO.
You see here 10 gold pieces.
e - a scroll labelled GEUHIHIOSUQ
Found 8 gold pieces.
You feel yourself speed up.
f - a scroll labelled NITUOGI YNKUAFO
g - a fuming white potion
There is a stone staircase leading down here.
You climb downwards.
HP restored.
There is a stone staircase leading up here.
You climb upwards.
There is a stone staircase leading down here.
There is a stone staircase leading down here.
You climb downwards.
There is a stone staircase leading up here.
The hobgoblin shouts!
You hear a shout!
The blast of sand hits the hobgoblin.
The hobgoblin is moderately wounded.
An orc comes into view. It is wielding a +0 war axe.
The hobgoblin misses you.
The blast of sand hits the hobgoblin!
You kill the hobgoblin!
You can't see any susceptible monsters within range! (Use Z to cast anyway.)
The blast of sand hits the orc.
The orc is heavily wounded.
The blast of sand hits the orc!
You kill the orc!
You can't see any susceptible monsters within range! (Use Z to cast anyway.)
Things that are here:
a +0 war axe; an orc corpse Magic restored.
You open the door.
An orc wizard and a bat come into view.
Found a sacrificial altar of Ru.
There is an open door here.
The blast of sand hits the bat!
You kill the bat!
The blast of sand hits the orc wizard.
The orc wizard is moderately wounded.
The blast of sand hits the orc wizard.
The orc wizard is moderately wounded.
The orc wizard barely misses you.
The orc wizard hits you with a +0 dagger.
The blast of sand hits the orc wizard.
The orc wizard is severely wounded.
The orc wizard hits you with a +0 dagger.
The blast of sand hits the orc wizard!
You kill the orc wizard!
You have reached level 4!
HP restored.
HP restored.
You open the door.
A ball python and a bat come into view.
You miss the bat. The bat closely misses you.
The blast of sand hits the bat.
You kill the bat!
You can't see any susceptible monsters within range! (Use Z to cast anyway.)
You can't see any susceptible monsters within range! (Use Z to cast anyway.)
Found a stone staircase leading down.
There is a stone staircase leading down here.
You climb downwards.
The hobgoblin shouts!
Found 8 gold pieces.
Found a staircase to the Ecumenical Temple.
There is a stone staircase leading up here.
A ball python and a hound come into view.
Found 11 gold pieces.
The ball python hisses angrily.
The hound barks!
You hear a bark!
The blast of sand hits the hound!
The hound is severely wounded.
The blast of sand hits the hound.
The hound is almost dead.
A hound comes into view.
The hound bites you but does no damage. The hound barely misses you.
The blast of sand hits the hound.
You kill the hound!
Your Earth Magic skill increases to level 6!
You have reached level 5!
The blast of sand hits the scorpion.
The scorpion is moderately wounded.
The ball python bites you. The ball python grabs you.
The ball python constricts you. The scorpion barely misses you. x2
The ball python bites you. The ball python constricts you.
The hobgoblin hits you.
You escape the ball python's grasp.
The hound attacks as you move away! The hound bites you.
The hobgoblin attacks as you move away!
The hobgoblin hits you but does no damage.
The scorpion stings you.
A hobgoblin zombie comes into view.
The hound closely misses you. The hound attacks as you move away!
The hound misses you. The scorpion attacks as you move away!
The scorpion misses you.
Found 10 gold pieces.
The blast of sand hits the scorpion!
The scorpion is almost dead.
The scorpion barely misses you. The scorpion closely misses you.
The hobgoblin hits you.
The blast of sand hits the scorpion.
You kill the scorpion!
The hobgoblin hits you but does no damage.
The hound misses you. The hobgoblin barely misses you.
Your Earth Magic skill increases to level 7!
The blast of sand misses the hound.
The hound barely misses you.
The ball python bites you but does no damage.
The ball python grabs you. The ball python constricts you.
The hound barely misses you.
A hobgoblin zombie comes into view.
The ball python bites you. The ball python constricts you.
The hobgoblin hits you. The hound bites you.
Casting: Sandblast (safe; 1% risk of failure)
Confirm with . or Enter, or press ? or * to list all spells.
Aiming: Sandblast (safe; 1% risk of failure)
Press: ? - help, Shift-Dir - straight line, f/p - hound
Aim: a hound (76% to hit)
The blast of sand hits the hound!
The hound is heavily wounded.
The hound bites you. The ball python bites you. The ball python constricts you.
The hobgoblin hits you. The ball python closely misses you.
The ball python constricts you. The hound bites you. The hobgoblin hits you.
* * * LOW HITPOINT WARNING * * *
Casting: Sandblast (safe; 1% risk of failure)
Confirm with . or Enter, or press ? or * to list all spells.
Aiming: Sandblast (safe; 1% risk of failure)
Press: ? - help, Shift-Dir - straight line, f/p - hound
Aim: a hound (heavily wounded, 76% to hit)
The blast of sand hits the hound!
You kill the hound!
The ball python barely misses you. The ball python constricts you.
The hobgoblin hits you.
* * * LOW HITPOINT WARNING * * *
The ball python closely misses you. The ball python constricts you.
* * * LOW HITPOINT WARNING * * *
You have reached level 6!
You feel stronger.
Casting: Sandblast (safe; 1% risk of failure)
Confirm with . or Enter, or press ? or * to list all spells.
Aiming: Sandblast (safe; 1% risk of failure)
Press: ? - help, Shift-Dir - straight line, f - ball python
Aim: a ball python (constricting you, 81% to hit)
The blast of sand hits the ball python!!
You kill the ball python!
The hobgoblin hits you.
* * * LOW HITPOINT WARNING * * *
The hobgoblin zombie hits you.
* * * LOW HITPOINT WARNING * * *
The hobgoblin hits you.
You die...

#.#..⌠...⌠..#
#.#$........##...
,
......>.........
, , , *
#.........#$... ,
#.#..⌠...⌠..#..
#.............. *
*, #.........# *
* ,##.##†### ,* ,
,#<.†@...#, ,*
#..gZ.......
#.$..Z..##..#
##.....##** #
##.....# ,,
#....... #.......
, *......#.. , ,
* *


You could see 2 hobgoblin zombies and a hobgoblin.

Vanquished Creatures
  A scorpion (D:4)
  2 hounds (D:4)
  An orc wizard (D:3)
  Natasha (D:2)
  An orc (D:3)
  A goblin (D:1)
  2 hobgoblins
  A ball python (D:4)
  3 bats
  2 kobolds (D:1)
15 creatures vanquished.

Notes
Turn   | Place    | Note
-------+----------+-------------------------------------------
     0 | D:1      | sentinel the Meteoran Earth Elementalist began the quest
                  | for the Orb.
     0 | D:1      | Reached XP level 1. HP: 14/14 MP: 5/5
    51 | D:1      | Reached skill level 4 in Earth Magic
    53 | D:1      | Reached XP level 2. HP: 13/20 MP: 1/6
    59 | D:1      | Learned a level 2 spell: Passwall
   105 | D:2      | Noticed Natasha
   111 | D:2      | Killed Natasha
   112 | D:2      | Reached skill level 5 in Earth Magic
   112 | D:2      | Reached XP level 3. HP: 18/26 MP: 4/8
   116 | D:2      | Learned a level 3 spell: Stone Arrow
   163 | D:3      | Found a sacrificial altar of Ru.
   170 | D:3      | Reached XP level 4. HP: 30/33 MP: 3/9
   197 | D:4      | Noticed a scorpion
   197 | D:4      | Found a staircase to the Ecumenical Temple.
   202 | D:4      | Reached skill level 6 in Earth Magic
   202 | D:4      | Reached XP level 5. HP: 38/38 MP: 6/10
   207 | D:4      | Reached skill level 7 in Earth Magic
   210 | D:4      | Reached XP level 6. HP: 8/45 MP: 3/11
   210 | D:4      | HP: 1/45 [hobgoblin zombie (3)]
   210 | D:4      | Slain by a hobgoblin

Illustrated notes

Levels and vault maps discovered:
D:1:      evilmike_arrival_plus, layout_loops_corners, serial_shops,
          nicolae_shop_stone
D:2:      layout_loops_ring, uniq_natasha, uniq_robin, uniq_crazy_yiuf_cottage,
          uniq_terence
D:3:      layout_loops_ring, mainiacjoe_overflow_alcove_2,
          nicolae_ru_great_annihilating_truth, minitemple,
          shapermc_ecumenical_altar_mp_vishouse, minivault_27
D:4:      layout_cave_pools, nicolae_tso_besieged_by_evil,
          mainiacjoe_overflow_catwalk, general_overflow_altar,
          minmay_temple_entry_large_hall, guppyfry_shop_venom

Skill      XL: |  1  2  3  4  5 |
---------------+----------------+-----
Earth Magic    | 4 5 6 7 |  7.3
Dodging        | |  2.4
Stealth        | |  1.4
Spellcasting   | |  2.6
Transmutations | |  1.2

Action                   |  1- 3 |  4- 6 || total
-------------------------+-------+-------++-------
Melee: Unarmed           |       |     1 ||     1
 Cast: Sandblast         |    21 |    11 ||    32
       Passwall          |     2 |       ||     2
Armor: Robe              |     1 |     4 ||     5
Dodge: Dodged            |     6 |    16 ||    22
